AoeStats
← Dd

African Clearing

510474081Analyzed
4v4 RM · 19h ago on Oct 1, 2026· 41m 1s· 8 players
Game mode
Random Map
Map size
Large (8 player)
Population
200
Speed
Normal
Resources
Standard
Victory
Conquest
Starting age
Dark Age
Ending age
Imperial Age
RankedLock teamsTeams togetherTeam positionsShared explorationLock speedFull tech treeHidden civsTurbo modeCheats
Victory
Defeat
🇹🇼 Danes · Taiwan
1609
+10
🇺🇸 Mongols · United States
1530
+13
🇺🇸 Hindustanis · United States
1474
+16
🇨🇳 Huns · China
1423
+18
🇨🇳 Franks · China
1613
-19
🇨🇳 Varangians · China
1533
-17
🇭🇰 Mongols · Hong Kong SAR China
1473
-14
🇨🇳 Koreans · China
1264
-7
Fs.Caboclo
8:07 Loom
13:49 Feudal Age
18:12 Castle Age
16:41 Double-Bit Axe
20:04 Bow Saw
29:27 Wheelbarrow
28:44 Gold Mining
28:37 Horse Collar
32:14 Imperial Age
31:51 Scale Barding Armor
31:58 Forging
32:24 Gold Shaft Mining
31:40 Stone Mining
32:29 Husbandry
32:39 Bloodlines
33:22 Chain Barding Armor
32:38 Heavy Camel Rider
34:12 Coinage
34:29 Iron Casting
34:17 Conscription
35:33 Chemistry
35:34 Two-Man Saw
34:38 Heavy Plow
35:16 Stone Shaft Mining
35:14 Hand Cart
34:44 Town Watch
36:46 Blast Furnace
36:56 Plate Barding Armor
38:07 Fletching
38:19 Padded Archer Armor
38:05 Imperial Camel Rider
蔡正平
10:11 Loom
14:43 Feudal Age
15:58 Double-Bit Axe
16:05 Stone Mining
16:55 Town Watch
17:02 Gold Mining
19:38 Castle Age
18:30 Scale Mail Armor
19:36 Forging
20:53 Bow Saw
23:27 Squires
25:27 Fishing Lines
27:20 Gillnets
27:36 Arson
32:28 Horse Collar
33:25 Wheelbarrow
34:13 Heavy Plow
38:18 Imperial Age
36:31 Chain Mail Armor
37:45 Hand Cart
38:50 Elite Jomsviking
40:30 Conscription
41:04 Plate Mail Armor
Dd
10:08 Loom
12:10 Feudal Age
35:26 Castle Age
[C82]sasuke
10:25 Loom
12:22 Feudal Age
17:28 Castle Age
18:03 Double-Bit Axe
19:47 Fletching
23:12 Bodkin Arrow
24:55 Horse Collar
38:08 Bow Saw
大平果是小菜鸡父亲
7:16 Loom
11:54 Feudal Age
14:16 Fletching
20:40 Padded Archer Armor
24:38 Double-Bit Axe
28:22 Castle Age
27:09 Horse Collar
28:15 Gold Mining
28:48 Crossbowman
30:46 Ballistics
34:34 Bodkin Arrow
37:31 Leather Archer Armor
38:23 Heavy Plow
钢铁兽
11:14 Loom
13:21 Feudal Age
17:30 Castle Age
15:18 Double-Bit Axe
16:27 Town Watch
18:53 Wheelbarrow
18:31 Husbandry
19:31 Light Cavalry
21:39 Bow Saw
26:29 Scale Barding Armor
31:35 Fletching
32:08 Chain Barding Armor
34:31 Forging
35:24 Gold Mining
36:48 Gold Shaft Mining
37:35 Stone Mining
39:59 Hand Cart
41:17 Iron Casting
动物凶猛
5:57 Loom
14:20 Feudal Age
23:12 Fletching
26:58 Castle Age
24:59 Horse Collar
25:08 Double-Bit Axe
25:55 Gold Mining
27:50 Crossbowman
28:43 Bodkin Arrow
32:15 Bow Saw
32:39 Squires
34:56 Thumb Ring
35:06 Forging
37:27 Pikeman
星际小菜
5:41 Loom
13:28 Feudal Age
20:47 Fletching
24:27 Wheelbarrow
26:23 Castle Age
25:00 Double-Bit Axe
26:00 Horse Collar
32:03 Squires
33:30 Wheelbarrow
33:47 Forging
40:06 Pikeman
Connection lost

Rejoining the realm…

Still unreachable

The connection could not be restored.

Session expired

The server has moved on; the page needs a fresh start.